 Dungeon Crawl Stone Soup version 0.30-a0-210-g01b79a254e (webtiles) character file.

Game seed: 17001501056154672121

51502 IdlyInterested the Fighter (level 14, -5/118 HPs)
             Began as a Demonspawn Gladiator on Oct 4, 2022.
             Was the Champion of Okawaru.
             Slain by a dire elephant (7 damage)
             ... on level 5 of the Lair of Beasts.
             The game lasted 01:19:01 (15435 turns).

IdlyInterested the Fighter (Demonspawn Gladiator)  Turns: 15435, Time: 01:19:02

Health: -5/118     AC: 18    Str: 13      XL:     14   Next: 23%
Magic:  0/23       EV: 14    Int: 18      God:    Okawaru [******]
Gold:   991        SH:  5    Dex: 17 (19) Spells: 10/17 levels left

rFire   + . .      SeeInvis +    q - +1 dagger (elec)
rCold   . . .      Faith    .    (no shield)
rNeg    . . .      Spirit   +    Z - +3 scale mail "Numu" {Stlth+}
rPois   .          Reflect  +    r - +2 helmet
rElec   .          Harm     .    y - +2 cloak {Stlth+}
rCorr   .          Rampage  .    (no gloves)
Will    +....                    b - +0 pair of boots "Gilus" {Int+3 Dex+5}
Stlth   +++++++...               J - amulet "Inwearir" {Reflect Regen+ Int-4 Slay+2 SH+5 SInv}
HPRegen 1.19/turn                p - ring of flight
MPRegen 0.36/turn                O - ring of protection from fire

@: mighty, heroic, flying
A: magic shield, magic regeneration, demonic magic 3, demonic touch 2, talons 1,
clever 1, roll 1
a: Renounce Religion, Heroism, Finesse, Duel


You were on level 5 of the Lair of Beasts.
You worshipped Okawaru.
Okawaru was exalted by your worship.
You visited 3 branches of the dungeon, and saw 14 of its levels.
You also visited: Ossuary, Bailey and Gauntlet.

You collected 1179 gold pieces.
You spent 188 gold pieces at shops.

Inventory:

Hand Weapons
 q - a +1 dagger of electrocution (weapon)
 R - the +4 hand axe of Upe Uciav {freeze, rElec rPois rCorr Dex-3}
   (You found it on level 8 of the Dungeon)

   It freezes those it strikes, dealing additional cold damage.
   It can also slow down cold-blooded creatures.
   Dex:       It affects your dexterity (-3).
   rElec:     It insulates you from electricity.
   rPois:     It protects you from poison.
   rCorr:     It protects you from acid and corrosion.
Missiles
 d - 3 throwing nets
 e - 11 javelins
 f - 29 poisoned darts
 t - 4 boomerangs (quivered)
 z - 8 atropa-tipped darts
 P - a datura-tipped dart
 S - 2 curare-tipped darts
Armour
 b - the +0 pair of boots "Gilus" (worn) {Int+3 Dex+5}
   (You acquired it on level 1 of the Lair of Beasts)

   Int:       It affects your intelligence (+3).
   Dex:       It affects your dexterity (+5).
 r - a +2 helmet (worn)
 s - a +0 scale mail of cold resistance
 u - a +2 hat
 y - a +2 cloak of stealth (worn)
 U - the +0 robe of the Dropbear {rF+ rN+ Str+4}
   (You found it in a Gauntlet)

   Str:       It affects your strength (+4).
   rF:        It protects you from fire.
   rN:        It protects you from negative energy.
 Z - the +3 scale mail "Numu" (worn) {Stlth+}
   (You found it in a Gauntlet)

   Stlth:     It makes you more stealthy.
Magical Staves
 h - a staff of cold
 w - a staff of earth
 H - a staff of death
Jewellery
 n - a ring of resist corrosion
 p - a ring of flight (left hand)
 E - a ring of protection from fire
 J - the amulet "Inwearir" (around neck) {Reflect Regen+ Int-4 Slay+2 SH+5 SInv}
   (You found it in a bailey)

   [amulet of reflection]

   It reflects blocked missile attacks.
   Int:       It affects your intelligence (-4).
   Slay:      It affects your accuracy & damage with ranged weapons and melee
   (+2).
   SInv:      It lets you see invisible.
   Regen:     It increases your rate of health regeneration.
   SH:        It affects your SH (+5).
 O - a ring of protection from fire (right hand)
Wands
 a - a wand of quicksilver (4)
 o - a wand of mindburst (7)
 N - a wand of polymorph (9)
Scrolls
 c - 4 scrolls of fear
 l - 5 scrolls of immolation
 m - 10 scrolls of teleportation
 G - a scroll of fog
 M - a scroll of identify
Potions
 i - 3 potions of resistance
 j - 8 potions of curing
 k - 3 potions of heal wounds
 v - 2 potions of might
 x - a potion of invisibility
 A - 4 potions of mutation
 C - 4 potions of cancellation
 D - 2 potions of ambrosia
 F - a potion of berserk rage
 I - a potion of magic
 L - 5 potions of brilliance
 Q - a potion of attraction
Miscellaneous
 K - a condenser vane (inert)


   Skills:
 + Level 13.0(18.0) Fighting
 - Level 12.0(17.0) Short Blades
 - Level 2.0(7.0) Throwing
 - Level 6.0(11.0) Dodging
 * Level 10.1(15.1) Stealth
 - Level 6.0(11.0) Unarmed Combat
 - Level 2.0 Spellcasting
 + Level 6.5 Hexes
 - Level 2.0 Translocations
 - Level 12.0 Invocations
 - Level 2.0 Evocations


You had 10 spell levels left.
You knew the following spells:

 Your Spells              Type           Power      Damage    Failure   Level
a - Portal Projectile     Hex/Tloc       34%        N/A       36%         3
b - Tukima's Dance        Hex            25%        N/A       16%         3
c - Slow                  Hex            100%       N/A       5%          1

Your spell library contained the following spells:

 Spells                   Type           Power      Damage    Failure   Level
 Confusing Touch          Hex            25%        N/A       16%         3
 Sting                    Tmut/Pois      4%         1d3       58%         1
 Gell's Gravitas          Tloc           9%         N/A       69%         3
 Teleport Other           Tloc           9%         N/A       69%         3
 Cigotuvi's Dreadful Rot  Necr/Pois/Air  2%         N/A       75%         2
 Poisonous Vapours        Pois/Air       2%         N/A       75%         2
 Leda's Liquefaction      Hex/Erth       6%         N/A       89%         4
 Mephitic Cloud           Conj/Pois/Air  1%         N/A       92%         3
 Ozocubu's Armour         Ice            1%         N/A       92%         3
 Vampiric Draining        Necr           1%         2d6       92%         3
 Passage of Golubria      Tloc           9%         N/A       97%         4
 Metabolic Englaciation   Hex/Ice        6%         N/A       99%         5
 Yara's Violent Unravell  Hex/Tmut       6%         3d5       99%         5
 Olgreb's Toxic Radiance  Pois           1%         N/A       100%        4
 Blade Hands              Tmut           0%         N/A       100%        5
 Irradiate                Conj/Tmut      0%         3d11      100%        5
 Dispersal                Tloc           4%         N/A       100%        6
 Dragon Form              Tmut           0%         N/A       100%        7
 Storm Form               Tmut/Air       0%         N/A       100%        7
 Maxwell's Capacitive Co  Air            0%         ∞         100%        8
 Call Canine Familiar     Summ           Unusable   N/A       N/A         3
 Summon Lightning Spire   Summ/Air       Unusable   N/A       N/A         4
 Simulacrum               Ice/Necr       Unusable   N/A       N/A         6

Dungeon Overview and Level Annotations

Branches:
Dungeon (8/15)             Temple (1/1) D:6            Lair (5/5) D:8
  Swamp (0/4) Lair:2        Snake (0/4) Lair:3        Slime (0/5) Lair:4
Ossuary (visited)          Bailey (visited)         Gauntlet (visited)

Altars:
Ashenzari
Cheibriados
Fedhas
Gozag
Hepliaklqana
Kikubaaqudgha
Makhleb
Nemelex Xobeh
Okawaru
Qazlal
Ru
Trog
Uskayaw
Vehumet
Wu Jian
Xom
Yredelemnul
Jiyva

Shops:
D:4 (


Innate Abilities, Weirdness & Mutations

When hurt, damage is shared between your health and your magic reserves.
You regenerate magic rapidly.
Spells you cast and wands you use may paralyse nearby enemies.
Your touch may inflict irresistible damage on your foes.
You have sharp toenails.
Your mind is acute. (Int +4, Str/Dex -1)
You can roll at nearby foes to attack.


Message History

The dire elephant resists.
The dire elephant is lightly wounded.
The dire elephant is engulfed in noxious fumes. x2
The dire elephant appears confused.
The dire elephant tramples the dire elephant!!
The dire elephant holds its ground!
The dire elephant trunk-slaps the dire elephant but does no damage.
The dire elephant is engulfed in noxious fumes.
You hit the dire elephant.
Lightning courses through the dire elephant!
You touch the dire elephant.
The dire elephant is moderately wounded.
The dire elephant is engulfed in noxious fumes.
You hit the dire elephant but do no damage.
You punch the dire elephant!
The dire elephant is heavily wounded.
The dire elephant is engulfed in noxious fumes.
The dire elephant appears confused.
The dire elephant tramples the withered plant!!
The withered plant begins to crumble.
The dire elephant trunk-slaps the withered plant.
The dire elephant is engulfed in noxious fumes.
The dire elephant tramples the dire elephant!!
The dire elephant holds its ground!
The dire elephant trunk-slaps the dire elephant!
You hit the dire elephant but do no damage.
You punch the dire elephant!
The dire elephant is almost dead.
The dire elephant is engulfed in noxious fumes.
The dire elephant tramples the dire elephant.
The dire elephant holds its ground!
The dire elephant trunk-slaps the dire elephant but does no damage.
You hit the dire elephant but do no damage.
You touch the dire elephant.
The dire elephant is almost dead.
The dire elephant is engulfed in noxious fumes.
The dire elephant appears confused.
The dire elephant tramples you!!
* * * LOW HITPOINT WARNING * * *
You hold your ground!
The dire elephant trunk-slaps you!
You die...

#..~≈~##.#..#....
##...~#..#
##(####.##
#8.8#..P#
###...#.###
#.#.Y##.#
###.'Y.#P.#
##../'.P#.##
.#... #....####@#
.. . ##..§§§YYP#
#...
#...§§§Y######
#...
#...##8P.'.PP#
###...
#...P#####..P#
....#. ##..##
#P..# ......
#.P.## #...#
....#. #♣P..♣
#...# #. #..
♣♣..♣♣###8.8#
#...#.


You could see 3 dire elephants.

Vanquished Creatures
  A dire elephant (Lair:5)
  A minotaur (Gauntlet)
  3 two-headed ogres
  2 boulder beetles
  5 death yaks (Lair:4)
  The ghost of SigmundSlayer the Frost Mage, a novice OgIE of Gozag (D:7)
  The ghost of bande the Cleaver, a novice GrFi of Okawaru (D:8)
  A spectral death yak (Lair:5)
  A fire crab (Gauntlet)
  A spectral anaconda (Lair:5)
  An obsidian statue (Lair:5)
  A bog body (Lair:2)
  4 necromancers
  A lindwurm (Lair:3)
  Pikel (D:6)
  A deep elf pyromancer (D:8)
  2 manticores (D:8)
  A cyclops (D:8)
  34 elephants
  2 black mambas (Lair:3)
  3 torpor snails
  8 cane toads
  3 gargoyles
  An unseen horror (D:8)
  Maggie (D:6)
  3 rime drakes
  A kobold demonologist (D:8)
  2 ice devils (Lair:1)
  5 komodo dragons
  2 polar bears
  13 dream sheep (Lair:4)
  4 blink frogs (Lair:1)
  Sigmund (D:3)
  A wraith (D:8)
  23 yaks
  2 vampires
  2 wyverns
  4 fire bats (Gauntlet)
  A dire elephant simulacrum (Lair:5)
  2 basilisks (Lair:3)
  A steam dragon (D:7)
  Menkaure (D:6)
  Edmund (D:6)
  20 water moccasins
  A hell hound (Gauntlet)
  An elephant zombie (Lair:3)
  3 sky beasts
  A black bear (D:5)
  20 wolves
  3 ogres
  The ghost of bchevrier the Prestidigitator, an amateur GnWn of Gozag (D:3)
  4 centaurs
  3 kobold brigands
  2 lemures (D:6)
  A phantom (D:5)
  8 bullfrogs
  2 cane toad simulacra (Lair:5)
  A scorpion (D:4)
  9 wights (D:8)
  2 howler monkeys
  8 vampire bats (Bailey)
  6 wolf zombies (Bailey)
  4 electric eels (Lair:3)
  A centaur zombie (D:3)
  2 basilisk zombies (Lair:3)
  Crazy Yiuf (D:3)
  3 orc priests
  A bullfrog skeleton (D:3)
  A gnoll bouda (D:6)
  4 hounds
  3 iguanas
  5 orc wizards
  8 mummies (Ossuary)
  Robin (D:3)
  5 gnolls (D:6)
  6 adders
  4 white imps
  2 ufetubi
  2 worms
  5 dart slugs
  26 orcs
  9 ball pythons
  9 bats
  6 endoplasms
  2 giant cockroaches (D:4)
  5 hobgoblins
  2 jackals (D:2)
  4 quokkas
  11 frilled lizards
  2 gnoll zombies (Ossuary)
  11 goblins
  2 hobgoblin zombies (Ossuary)
  12 kobolds
  A kobold zombie (Ossuary)
  25 orc zombies
  3 rats
434 creatures vanquished.

Vanquished Creatures (others)
  A dancing weapon (D:8)
  27 fungi
  44 plants
  18 withered plants (Lair:5)
90 creatures vanquished.

Grand Total: 524 creatures vanquished

Notes
Turn   | Place    | Note
-------+----------+-------------------------------------------
     0 | D:1      | IdlyInterested the Demonspawn Gladiator began the quest for
                  | the Orb.
     0 | D:1      | Reached XP level 1. HP: 16/16 MP: 1/1
   208 | D:1      | Gained mutation: Your touch may inflict minor irresistible
                  | damage on your foes. [demonic ancestry]
   208 | D:1      | Reached XP level 2. HP: 22/22 MP: 2/2
   282 | D:1      | Found a faded altar of an unknown god.
   768 | D:2      | Reached skill level 1 in Stealth
   771 | D:2      | Reached XP level 3. HP: 26/28 MP: 3/3
  1444 | D:3      | Noticed Robin
  1543 | D:3      | Killed Robin
  1544 | D:3      | Gained mutation: Your touch may inflict irresistible damage
                  | on your foes. [demonic ancestry]
  1544 | D:3      | Reached XP level 4. HP: 25/34 MP: 4/4
  1706 | D:3      | Reached skill level 1 in Unarmed Combat
  1740 | D:3      | Reached skill level 3 in Fighting
  1854 | D:3      | Gained mutation: You regenerate magic rapidly. [demonic
                  | ancestry]
  1854 | D:3      | Reached XP level 5. HP: 30/41 MP: 5/5
  1883 | D:3      | Found a runed translucent gate.
  1883 | D:3      | Found a runed translucent gate.
  2084 | D:3      | Noticed Sigmund
  2092 | D:3      | Killed Sigmund
  2093 | D:3      | Reached XP level 6. HP: 41/48 MP: 6/6
  2149 | D:3      | Found a runed translucent gate.
  2149 | D:3      | Noticed bchevrier's ghost (amateur GnWn)
  2210 | D:3      | Found an ornate altar of the Wu Jian Council.
  2254 | D:3      | Found a runed translucent door.
  2255 | D:3      | Noticed Crazy Yiuf
  2387 | D:3      | Killed bchevrier's ghost
  2388 | D:3      | Reached skill level 4 in Fighting
  2476 | D:3      | Killed Crazy Yiuf
  2477 | D:3      | Gained mutation: When hurt, damage is shared between your
                  | health and your magic reserves. [demonic ancestry]
  2477 | D:3      | Reached XP level 7. HP: 24/54 MP: 7/7
  2690 | D:4      | Reached skill level 5 in Short Blades
  2690 | D:4      | Reached skill level 1 in Evocations
  2970 | D:4      | Found Zaziatu's Weapon Emporium.
  3109 | D:4      | Found a sparkling altar of Nemelex Xobeh.
  3421 | D:5      | Entered Level 5 of the Dungeon
  3513 | D:4      | Bought 4 poisoned darts for 17 gold pieces
  3513 | D:4      | Bought a +2 dagger of draining for 171 gold pieces
  3684 | D:5      | You fall into a shaft and drop 2 floors!
  3710 | D:7      | Found a flagged portal.
  3723 | D:7      | Reached skill level 5 in Fighting
  3752 | Bailey   | Entered a bailey
  4103 | Bailey   | Gained mutation: Spells you cast may paralyse adjacent
                  | enemies. [demonic ancestry]
  4103 | Bailey   | Reached XP level 8. HP: 49/62 MP: 8/8
  4120 | Bailey   | Reached skill level 5 in Stealth
  4361 | Bailey   | Noticed a gargoyle
  4367 | Bailey   | Killed a gargoyle
  4368 | Bailey   | Reached skill level 6 in Fighting
  4407 | Bailey   | Identified the amulet "Inwearir" {Reflect Regen+ Int-4
                  | Slay+2 SH+5 SInv}
  4554 | Bailey   | Reached XP level 9. HP: 69/69 MP: 9/9
  4576 | Bailey   | Learned a level 3 spell: Portal Projectile
  4679 | D:6      | Found a sacrificial altar of Ru.
  4686 | D:6      | Noticed Maggie
  4702 | D:6      | Killed Maggie
  4825 | D:6      | Noticed Menkaure
  4837 | D:6      | Killed Menkaure
  4898 | D:6      | Noticed Edmund
  4915 | D:6      | Killed Edmund
  4953 | D:6      | Found a sand-covered staircase.
  4958 | Ossuary  | Entered an ossuary
  5007 | Ossuary  | Reached skill level 7 in Fighting
  5190 | D:6      | Reached skill level 1 in Hexes
  5623 | D:5      | Found a blossoming altar of Fedhas.
  6029 | D:5      | Reached skill level 1 in Translocations
  6118 | D:6      | Found a staircase to the Ecumenical Temple.
  6125 | Temple   | Entered the Ecumenical Temple
  6914 | D:6      | Noticed Pikel
  6927 | D:6      | Killed Pikel
  6928 | D:6      | Reached XP level 10. HP: 80/80 MP: 10/10
  7415 | D:6      | Found an iron altar of Okawaru.
  7726 | D:7      | Found an opulent altar of Gozag.
  7784 | D:7      | Found a runed translucent door.
  7809 | D:7      | Noticed SigmundSlayer's ghost (novice OgIE)
  7810 | D:7      | Noticed a gargoyle
  7971 | D:7      | Reached skill level 8 in Fighting
  8026 | D:7      | Noticed a two-headed ogre
  8040 | D:7      | Killed a two-headed ogre
  8041 | D:7      | Reached skill level 1 in Spellcasting
  8335 | D:7      | Killed a gargoyle
  8345 | D:7      | Killed SigmundSlayer's ghost
  8382 | D:8      | Noticed a manticore
  8387 | D:8      | Noticed a manticore
  8388 | D:8      | Noticed a deep elf pyromancer
  8389 | D:8      | Killed a manticore
  8406 | D:8      | Killed a manticore
  8407 | D:8      | Reached skill level 9 in Fighting
  8536 | D:8      | Gained mutation: Your mind is acute. (Int +4, Str/Dex -1)
                  | [potion of mutation]
  8536 | D:8      | Gained mutation: You occasionally lose the ability to drink
                  | potions when taking damage. [potion of mutation]
  8536 | D:8      | Gained mutation: You sometimes lose the ability to drink
                  | potions when taking damage. [potion of mutation]
  8536 | D:8      | Gained mutation: You have sharp toenails. [potion of
                  | mutation]
  8604 | D:8      | Learned a level 3 spell: Tukima's Dance
  8611 | D:8      | Noticed a boulder beetle
  8611 | D:8      | Noticed a gargoyle
  8612 | D:8      | Noticed a two-headed ogre
  8613 | D:8      | Noticed a two-headed ogre
  8615 | D:8      | Noticed a cyclops
  8638 | D:8      | Killed a two-headed ogre
  8639 | D:8      | Reached XP level 11. HP: 81/89 MP: 4/14
  8649 | D:8      | Killed a two-headed ogre
  8694 | D:8      | Found a burning altar of Makhleb.
  8768 | D:8      | Killed a deep elf pyromancer
  8777 | D:8      | Reached skill level 5 in Hexes
  8800 | D:8      | Killed a boulder beetle
  8904 | D:8      | Found a staircase to the Lair.
  8919 | D:8      | Noticed bande's ghost (novice GrFi)
  8922 | D:8      | Found a runed translucent door.
  9005 | D:8      | Identified the +4 hand axe of Upe Uciav {freeze, rElec
                  | rPois rCorr Dex-3}
  9099 | D:8      | Killed bande's ghost
  9183 | D:6      | Became a worshipper of Warmaster Okawaru
  9292 | Lair:1   | Entered Level 1 of the Lair of Beasts
  9341 | Lair:1   | Found a gate leading to a gauntlet.
  9359 | Gauntlet | Entered a Gauntlet
  9359 | Gauntlet | Found a transporter.
  9364 | Gauntlet | Found a transporter.
  9365 | Gauntlet | Found a transporter.
  9378 | Gauntlet | Found a transporter.
  9380 | Gauntlet | Found a transporter.
  9384 | Gauntlet | Found a runed translucent door.
  9384 | Gauntlet | Found a runed translucent door.
  9390 | Gauntlet | Found a transporter.
  9408 | Gauntlet | Found a transporter.
  9415 | Gauntlet | Noticed a death drake
  9417 | Gauntlet | Found a runed translucent door.
  9418 | Gauntlet | Found a transporter.
  9419 | Gauntlet | Found a runed translucent door.
  9423 | Gauntlet | Found a transporter.
  9423 | Gauntlet | Found a transporter.
  9432 | Gauntlet | Found a transporter.
  9437 | Gauntlet | Found a transporter.
  9488 | Gauntlet | Found a transporter.
  9498 | Gauntlet | Noticed a fire crab
  9505 | Gauntlet | Found a transporter.
  9638 | Gauntlet | Reached skill level 10 in Short Blades
  9648 | Gauntlet | Reached skill level 10 in Fighting
  9681 | Gauntlet | Learned a level 1 spell: Slow
  9768 | Gauntlet | Reached * piety under Okawaru
  9789 | Gauntlet | Identified the +0 robe of the Dropbear {rF+ rN+ Str+4}
  9846 | Gauntlet | Killed a fire crab
  9846 | Gauntlet | Reached ** piety under Okawaru
  9884 | Gauntlet | Identified the amulet "Gaekiuju" {Spirit rF- rCorr Str+8}
  9887 | Gauntlet | Identified the +3 scale mail "Numu" {Stlth+}
  9938 | Gauntlet | Noticed a minotaur
  9951 | Gauntlet | Killed a minotaur
  9952 | Gauntlet | Gained mutation: Spells you cast may paralyse nearby
                  | enemies. [demonic ancestry]
  9952 | Gauntlet | Reached XP level 12. HP: 47/98 MP: 7/15
 10182 | Lair:1   | Reached skill level 10 in Stealth
 10314 | Lair:1   | Reached skill level 1 in Invocations
 10366 | Lair:1   | Reached *** piety under Okawaru
 10537 | Lair:1   | Reached skill level 11 in Fighting
 10840 | Lair:1   | Reached **** piety under Okawaru
 11063 | Lair:1   | Identified a scroll of acquirement
 11063 | Lair:1   | Acquired the +0 pair of boots "Gilus" {Int+3 Dex+5}
 11072 | Lair:1   | Lost mutation: You sometimes lose the ability to drink
                  | potions when taking damage. [potion of mutation]
 11072 | Lair:1   | Lost mutation: You occasionally lose the ability to drink
                  | potions when taking damage. [potion of mutation]
 11072 | Lair:1   | Lost mutation: Your mind is acute. (Int +4, Str/Dex -1)
                  | [potion of mutation]
 11072 | Lair:1   | Gained mutation: Your mind is acute. (Int +4, Str/Dex -1)
                  | [potion of mutation]
 11072 | Lair:1   | Gained mutation: You can roll at nearby foes to attack.
                  | [potion of mutation]
 11162 | Lair:2   | Noticed a boulder beetle
 11183 | Lair:2   | Killed a boulder beetle
 11184 | Lair:2   | Reached skill level 5 in Dodging
 11420 | Lair:2   | Found a staircase to the Swamp.
 12303 | Lair:3   | Reached ***** piety under Okawaru
 12403 | Lair:3   | Received a gift from Okawaru
 12404 | Lair:3   | Reached skill level 5 in Invocations
 12452 | Lair:3   | Gained mutation: Spells you cast and wands you use may
                  | paralyse nearby enemies. [demonic ancestry]
 12452 | Lair:3   | Reached XP level 13. HP: 60/107 MP: 10/17
 12999 | Lair:3   | Found a staircase to the Snake Pit.
 13011 | Lair:3   | Received a gift from Okawaru
 13640 | Lair:4   | Reached skill level 12 in Fighting
 13667 | Lair:4   | Received a gift from Okawaru
 14197 | Lair:4   | Found a staircase to the Slime Pits.
 14198 | Lair:4   | Found a viscous altar of Jiyva.
 14249 | Lair:4   | Reached skill level 5 in Unarmed Combat
 14252 | Lair:4   | Reached ****** piety under Okawaru
 14256 | Lair:4   | Reached skill level 10 in Invocations
 14810 | Lair:5   | Entered Level 5 of the Lair of Beasts
 14872 | Lair:5   | Received a gift from Okawaru
 14955 | Lair:5   | Noticed a dire elephant
 14955 | Lair:5   | Noticed a dire elephant
 14955 | Lair:5   | Noticed a dire elephant
 14955 | Lair:5   | Noticed a dire elephant
 14968 | Lair:5   | Reached XP level 14. HP: 113/116 MP: 20/22
 14976 | Lair:5   | Received a gift from Okawaru
 15059 | Lair:5   | Received a gift from Okawaru
 15408 | Lair:5   | Reached skill level 13 in Fighting
 15427 | Lair:5   | HP: 5/118 [dire elephant (24)]
 15435 | Lair:5   | HP: 2/118 [dire elephant (20)]
 15435 | Lair:5   | Slain by a dire elephant

Illustrated notes

Levels and vault maps discovered:
D:1:      roderic_dead_forest, layout_rooms, hellmonk_ecumenical_altar_blasted,
          minmay_misc_feat_enclosed, hex_intersection, minmay_crystal_room
D:2:      layout_basic
D:3:      layout_rooms, nzn_wu_jian_council_hall, gammafunk_ghost_necromancy,
          minmay_lizard_king, uniq_robin, uniq_sigmund, uniq_crazy_yiuf_cottage
D:4:      layout_rooms, nemelex_diamond_rough_becter, serial_shops,
          nicolae_shop_hallway_plus
D:5:      layout_loops_ring, kennysheep_mini, minmay_small_thing
D:6:      layout_layer_cave, mainiacjoe_overflow_surrounded_room,
          mainiacjoe_overflow_brackets, minmay_temple_entry_drinking_statues,
          enter_ossuary_2, uniq_pikel, uniq_edmund, uniq_maggie, uniq_menkaure
D:7:      layout_loops_ring, nicolae_gozag_cash_rules_everything_around_me,
          enter_bailey_2, ebering_ghost_inner_flame,
          dreamdust_mushroom_princess, kennysheep_generic_room_3
D:8:      minmay_cut_squares, layout_rooms, elyvilon_altar_5,
          mainiacjoe_overflow_tiny_flanked, lair_entry_dummy,
          hellmonk_ghost_happy_afterlife
Temple:   minmay_temple_forest_path
Lair:1:   layout_gridlike, portal_ice_cave_demonic_guard,
          gauntlet_entry_generic, lemuel_another_geyser
Lair:2:   layout_regular_city, skrybe_swamp_entry_bodies, serial_bayou_shore_a,
          serial_bayou_shore_b, grunt_megastairs_4
Lair:3:   pond_and_an_island_with_a_cottage, layout_cave_pods,
          minmay_snake_entry_six_corridors, serial_bayou_shore_b
Lair:4:   layout_small_grid, slime_entry_1, lemuel_fruit_tree,
          grunt_megastairs_2
Lair:5:   due_jungle_book, layout_loops_ring, st_stairs_9, grunt_megastairs_3,
          uniq_urug

Skill      XL: |  1  2  3  4  5  6  7  8  9 10 11 12 13 14 |
---------------+-------------------------------------------+-----
Short Blades   | 3 4 5 6 8 10 11 12 | 12.0
Dodging        | 3 4 5 6 |  6.0
Stealth        | 1 2 3 4 5 6 8 9 10 | 10.1
Throwing       | 2 |  2.0
Unarmed Combat | 1 2 3 4 5 6 |  6.0
Fighting       | 3 4 5 6 7 9 10 11 12 13 | 13.0
Evocations     | 2 |  2.0
Hexes          | 2 3 6 |  6.5
Translocations | 1 2 |  2.0
Spellcasting   | 2 |  2.0
Invocations    | 5 11 12 | 12.0

Action                   |  1- 3 |  4- 6 |  7- 9 | 10-12 | 13-15 || total
-------------------------+-------+-------+-------+-------+-------++-------
Melee: Rapier            |    92 |       |       |       |       ||    92
       Touch             |    12 |    19 |    91 |   143 |   152 ||   417
       Dagger            |     3 |    98 |   441 |   613 |   530 ||  1685
       Punch             |     1 |     3 |     7 |    26 |    36 ||    73
       Kick              |       |       |       |    57 |       ||    57
Throw: Boomerang         |       |       |    11 |    16 |    18 ||    45
       Dart              |       |       |     1 |     1 |     1 ||     3
       Throwing net      |       |       |     1 |     1 |       ||     2
       Javelin           |       |       |       |       |     1 ||     1
 Cast: Tukima's Dance    |       |       |       |    10 |       ||    10
       Slow              |       |       |       |    18 |    10 ||    28
       Portal Projectile |       |       |       |     1 |     1 ||     2
Invok: Heroism           |       |       |       |     1 |     3 ||     4
Evoke: Wand              |       |       |       |       |     6 ||     6
       Condenser vane    |       |       |       |       |     2 ||     2
  Use: Scroll            |     2 |       |     5 |    14 |     2 ||    23
       Potion            |       |     1 |     6 |     6 |     7 ||    20
 Stab: Sleeping          |     1 |       |    18 |    19 |     7 ||    45
       Held in net/web   |       |       |     1 |       |       ||     1
       Paralysed         |       |       |       |     9 |     3 ||    12
       Distracted        |       |       |       |     2 |     1 ||     3
       Petrifying        |       |       |       |       |     1 ||     1
Armor: Ring mail         |    49 |    27 |   121 |       |       ||   197
       Leather armour    |     1 |       |       |       |       ||     1
       Swamp dragon scal |       |       |     8 |    20 |       ||    28
       Steam dragon scal |       |       |       |    31 |       ||    31
       Robe              |       |       |       |     6 |       ||     6
       Scale mail        |       |       |       |    94 |   169 ||   263
Dodge: Dodged            |    84 |    43 |   191 |   235 |   191 ||   744
Block: Other             |       |       |    25 |    86 |    86 ||   197
       Reflection        |       |       |       |     2 |       ||     2

Table legend: (Time is in decaauts)
 A = Elapsed time spent in this place.
 B = Non-inter-level travel time spent in this place.
 C = Inter-level travel time spent in this place.
 D = Time resting spent in this place.
 E = Time spent auto-exploring this place.
 F = Levels seen in this place.
 G = Mean time per level.
                   A        B        C        D        E       F      G
               +--------+--------+--------+--------+--------+-----+--------+
         Total |  14762 |  12932 |   1830 |   1113 |   6944 |  17 |  868.4 |
       Dungeon |   7537 |   6371 |   1166 |    378 |   3744 |   8 |  942.1 |
        Temple |    459 |    435 |     24 |      0 |    422 |   1 |  459.0 |
          Lair |   5044 |   4404 |    640 |    300 |   2491 |   5 | 1008.8 |
       Ossuary |    202 |    202 |      0 |      0 |     81 |   1 |  202.0 |
        Bailey |    855 |    855 |      0 |    364 |    134 |   1 |  855.0 |
      Gauntlet |    663 |    663 |      0 |     70 |     71 |   1 |  663.0 |
               +--------+--------+--------+--------+--------+-----+--------+

Top non-repeatable levels by time:
     D:6: 1435 daAuts
  Lair:3: 1273 daAuts
  Lair:4: 1230 daAuts
  Lair:1: 1157 daAuts
     D:2: 1052 daAuts
     D:3: 1037 daAuts
     D:5: 927 daAuts
  Lair:2: 892 daAuts
     D:7: 892 daAuts
  Bailey: 855 daAuts
     D:4: 762 daAuts
     D:1: 715 daAuts
     D:8: 714 daAuts
Gauntlet: 663 daAuts
  Lair:5: 490 daAuts
